 Dungeon Crawl Stone Soup version 0.30-a0-883-g5ad918d77d (webtiles) character file.

Game seed: 11497708472705384233

53 Pimp the Firebug (level 3, -8/26 HPs)
             Began as a Draconian Fire Elementalist on Mar 16, 2023.
             Killed by divine providence
             ... invoked by an orc priest
              (17 damage)
             ... on level 3 of the Dungeon.
             The game lasted 00:05:48 (1762 turns).

Pimp the Firebug (Draconian Fire Elementalist)      Turns: 1762, Time: 00:05:49

Health: -8/26      AC:  6    Str: 10    XL:     3   Next: 64%
Magic:  6/6        EV: 12    Int: 17    God:
Gold:   138        SH:  0    Dex: 11    Spells: 3/6 levels left

rFire   + + .      SeeInvis .    i - +1 falchion "Koujad" {drain, rF++}
rCold   . . .      Faith    .    (no shield)
rNeg    . . .      Spirit   .    (body armour unavailable)
rPois   .          Reflect  .    (helmet restricted)
rElec   .          Rampage  .    d - +0 cloak
rCorr   .          Rage     3%   (no gloves)
Will    .....                    (no boots)
Stlth   +                        (no amulet)
HPRegen 1.04/turn                (no ring)
MPRegen 0.10/turn                (no ring)

@: confused, mighty, brilliant, studying Dodging, unable to drink
A: AC +5, unfitting armour, cold-blooded, berserk 1, regeneration 1, inability
to drink after injury 1
a: no special abilities


You were on level 3 of the Dungeon.
You visited 1 branch of the dungeon, and saw 3 of its levels.

You collected 138 gold pieces.

Inventory:

Hand Weapons
 c - a +0 short sword
 i - the +1 falchion "Koujad" (weapon) {drain, rF++}
   (You found it on level 2 of the Dungeon)

   rF:        It greatly protects you from fire.
Armour
 d - a +0 cloak (worn)
 h - a +0 tower shield
Potions
 a - a potion of magic
 b - a potion of mutation
 g - a potion of curing


   Skills:
 * Level 0.6 Long Blades
 * Level 2.8 Dodging
 + Level 2.2 Stealth
 + Level 2.3 Spellcasting
 + Level 1.5 Conjurations
 + Level 3.3 Fire Magic


You had 3 spell levels left.
You knew the following spells:

 Your Spells              Type           Power      Damage    Failure   Level
a - Foxfire               Conj/Fire      60%        2x1d7     7%          1
b - Scorch                Fire           40%        2d7       7%          2

Your spell library contained the following spells:

 Spells                   Type           Power      Damage    Failure   Level
 Inner Flame              Hex/Fire       11%        N/A       28%         3
 Kindle Blastsparks       Fire/Tloc/Air  16%        2d11      34%         3
 Flame Wave               Conj/Fire      15%        2d7       56%         4


Dungeon Overview and Level Annotations

Branches:
Dungeon (3/15)

Altars:

Shops:
D:1 [


Innate Abilities, Weirdness & Mutations

Your plain brown scales are hard. (AC +5)
You cannot fit into any form of body armour.
You are cold-blooded and may be slowed by cold attacks.
You sometimes lose your temper in combat.
Your natural rate of healing is unusually fast.
You occasionally lose the ability to drink potions when taking damage.


Message History

You miss something.
Something hits you but does no damage. x2
The orc priest hits you but does no damage.
You swing at nothing.
You hear some strange, mumbled words.
A magic dart appears from out of thin air!
The magic dart hits you but does no damage.
The orc priest hits you but does no damage.
You hear some strange, mumbled words.
A puff of flame appears from out of thin air!
The puff of flame hits you. You resist.
You swing at nothing.
Something hits you but does no damage. x2
The orc priest hits you but does no damage.
Something hits you but does no damage.
The orc priest miscasts a cantrip.
Something hits you but does no damage.
You swing at nothing.
Something hits you. Something hits you but does no damage.
The orc priest hits you but does no damage.
You barely miss something.
You feel less wooden.
Your +0 cloak unmelds from your body.
You feel less confused. Something hits you but does no damage.
Something barely misses you. The orc priest completely misses you.
You closely miss something. Something hits you but does no damage.
The orc priest barely misses you.
You hear some strange, mumbled words.
You are confused.
Something hits you. Something hits you but does no damage.
The orc priest hits you with a +0 war axe!
You feel threatened and lose the ability to drink potions!
The orc priest attacks as you move away!
The orc priest hits you but does no damage.
You hear some strange, mumbled words.
A puff of flame appears from out of thin air!
The puff of flame hits you. You resist.
The orc priest mumbles some strange prayers to Beogh against you.
Beogh smites you!
Ouch! That really hurt!
You die...

#..# #...# #########
##.#.### #.......#
##......##
#.......###.>......####
#.......##............#...
##.......).................
..†............>..o.###...
................@.{.###
##....................#
#..................#.#
########...........#...
##### ##..........# #.#
....### ##.........# .#
......#####.........# #
.........#.........#..
......................


You could see an orc priest.

Vanquished Creatures
  A worm (D:2)
  A dart slug (D:2)
  An orc (D:3)
  A bat (D:2)
  6 endoplasms
  4 giant cockroaches
  A goblin (D:3)
  8 hobgoblins
  A quokka (D:3)
  4 ball pythons
  3 frilled lizards (D:1)
  4 kobolds
  8 rats
43 creatures vanquished.

Vanquished Creatures (others)
  34 foxfires
34 creatures vanquished.

Grand Total: 77 creatures vanquished

Notes
Turn   | Place    | Note
-------+----------+-------------------------------------------
     0 | D:1      | Pimp the Draconian Fire Elementalist began the quest for
                  | the Orb.
     0 | D:1      | Reached XP level 1. HP: 14/14 MP: 3/3
   240 | D:1      | Reached XP level 2. HP: 20/20 MP: 3/5
   350 | D:1      | Found Okuep's Antique Armour Shop.
   919 | D:2      | Learned a level 2 spell: Scorch
  1180 | D:2      | Reached XP level 3. HP: 26/26 MP: 3/6
  1184 | D:2      | Identified the +1 falchion "Koujad" {drain, rF++}
  1735 | D:3      | Gained mutation: You sometimes lose your temper in combat.
                  | [potion of mutation]
  1735 | D:3      | Gained mutation: You occasionally lose the ability to drink
                  | potions when taking damage. [potion of mutation]
  1735 | D:3      | Gained mutation: Your natural rate of healing is unusually
                  | fast. [potion of mutation]
  1762 | D:3      | Killed from afar by an orc priest

Illustrated notes

Levels and vault maps discovered:
D:1:      dpeg_arrival_rooms_a, layout_loops_ring, serial_shops,
          nicolae_shop_waterfront
D:2:      layout_rooms
D:3:      layout_rooms, minmay_overflow_temple_star_quad,
          nicolae_underground_beach

Skill      XL: |  1 |
---------------+----+-----
Dodging        | 2 |  2.8
Stealth        | 2 |  2.2
Long Blades    | |  0.6
Spellcasting   | |  2.3
Conjurations   | |  1.5
Fire Magic     | |  3.3

Action                     || total
---------------------------++-------
  Melee: Unarmed           ||    13
         Tailslap          ||     8
         Punch             ||     1
         Short sword       ||    30
         Falchion          ||    40
   Cast: Foxfire           ||    21
         Scorch            ||     7
    Use: Potion            ||     7
         Scroll            ||     3
   Stab: Sleeping          ||     3
 Armour: Skin              ||    81
  Dodge: Dodged            ||    50

Table legend: (Time is in decaauts)
 A = Elapsed time spent in this place.
 B = Non-inter-level travel time spent in this place.
 C = Inter-level travel time spent in this place.
 D = Time resting spent in this place.
 E = Time spent auto-exploring this place.
 F = Levels seen in this place.
 G = Mean time per level.
                   A        B        C        D        E       F      G
               +--------+--------+--------+--------+--------+-----+--------+
         Total |   1774 |   1726 |     48 |    249 |    999 |   3 |  591.3 |
       Dungeon |   1774 |   1726 |     48 |    249 |    999 |   3 |  591.3 |
               +--------+--------+--------+--------+--------+-----+--------+

Top non-repeatable levels by time:
     D:1: 914 daAuts
     D:2: 665 daAuts
     D:3: 194 daAuts
